 Seeded DCSS version 0.31-a0-229-g1fc7ce93e2 (webtiles) character file.

Game seed: 13275427502194390118 (custom seed)

20 rocky1 the Slasher (level 2, -2/22 HPs)
             Began as a Demonspawn Gladiator on July 7, 2023.
             Slain by Jessica
             ... wielding a +0 club
              (4 damage)
             ... on level 2 of the Dungeon.
             The game lasted 00:01:40 (711 turns).

rocky1 the Slasher (Demonspawn Gladiator)            Turns: 711, Time: 00:01:41

Health: -2/22      AC:  4    Str: 14    XL:     2   Next: 58%
Magic:  2/2        EV: 12    Int:  9    God:
Gold:   13         SH:  0    Dex: 14    Spells: 1/1 levels left

rFire   . . .        a - +0 long sword
rCold   . . .        (no shield)
rNeg    . . .        b - +0 leather armour
rPois   .            c - +0 helmet
rElec   .            (no cloak)
rCorr   .            (no gloves)
SInv    .            (no boots)
Will    .....        (no amulet)
Stlth   +            (no ring)
HPRegen 0.23/turn    (no ring)
MPRegen 0.16/turn

%: no passive effects
@: no status effects
A: magic regeneration
a: no special abilities


You were on level 2 of the Dungeon.
You visited 1 branch of the dungeon, and saw 2 of its levels.

You collected 13 gold pieces.

Inventory:

Hand Weapons
 a - a +0 long sword (weapon)
Missiles
 d - 3 throwing nets
 e - 4 javelins (quivered)
 j - 3 boomerangs
Armour
 b - a +0 leather armour (worn)
 c - a +0 helmet (worn)
Jewellery
 f - a +6 ring of strength
Scrolls
 g - a scroll of teleportation {unknown}
 h - a scroll of silence {unknown}
 i - a scroll of summoning {unknown}


   Skills:
 - Level 2.3 Fighting
 * Level 3.1 Long Blades
 - Level 2.0 Throwing
 - Level 2.9 Dodging


You had one spell level left.
You didn't know any spells.
Your spell library contained the following spells:

 Spells                   Type           Power      Damage    Failure   Level
 Ozocubu's Armour         Ice            0%         N/A       83%         3
 Metabolic Englaciation   Hex/Ice        0%         N/A       100%        5
 Simulacrum               Ice/Necr       0%         N/A       100%        6


Dungeon Overview and Level Annotations

Branches:
Dungeon (2/15)

Altars:

Shops:
D:1 :==[

Annotations:
D:2 Jessica


Innate Abilities, Weirdness & Mutations

You regenerate magic rapidly.


Message History

a +0 whip; 4 stones A frilled lizard comes into view.
Jessica barely misses you.
The frilled lizard hisses angrily.
You hit Jessica.
Jessica is heavily wounded.
Jessica casts a spell.
Jessica blinks!
Jessica gestures wildly while chanting.
Jessica seems to speed up.
Jessica hits you with a +0 club. Jessica hits you but does no damage.
You closely miss Jessica.
Jessica is heavily wounded.
Jessica mumbles something strange.
Jessica hits you with a +0 club. x2
You closely miss Jessica.
Jessica is heavily wounded.
Jessica casts a spell.
Jessica blinks!
Jessica points at you and mumbles some strange words.
You barely resist. You miss the frilled lizard. The frilled lizard bites you.
You miss the frilled lizard. Jessica gestures at you while chanting.
Pain shoots through your body!
Ouch! That really hurt!
* * * LOW HITPOINT WARNING * * *
The frilled lizard closely misses you.
You are too injured to fight recklessly!
You are too injured to fight recklessly!
You are too injured to fight recklessly!
You aren't carrying any potions.
Throw: 5 javelins
Press: ? - help, Q - select action, (/) - cycle Shift-Dir - straight line, f - frilled lizard
Aim: a frilled lizard (42% to hit)
You throw a javelin.
The javelin pierces through the frilled lizard!
You kill the frilled lizard!
Jessica hits you with a +0 club.
You die...

. #. ##### .# #..
...### .# #..
####...###.####
#.##...##†........
#.............#
#.......†.<..###
#.......).........
#...@@.........##.
#............#....
###...#......# ##.
##......(...#......
##.......#####....(..
#?........ ........
#....<.... .......
#......... .....
#.........


You could see Jessica (fast).

Vanquished Creatures
  A dart slug (D:2)
  3 bats (D:1)
  2 giant cockroaches
  2 goblins (D:1)
  3 kobolds
  2 quokkas
  A ball python (D:1)
  A frilled lizard (D:2)
  A rat (D:1)
16 creatures vanquished.

Notes
Turn   | Place    | Note
-------+----------+-------------------------------------------
     0 | D:1      | rocky1 the Demonspawn Gladiator began the quest for the
                  | Orb.
     0 | D:1      | Reached XP level 1. HP: 16/16 MP: 1/1
    10 | D:1      | Found Onlezats's Jewellery Emporium.
   270 | D:1      | Found Zyuqykanwy's Book Shop.
   399 | D:1      | Found Obocek's Jewellery Boutique.
   414 | D:1      | Gained mutation: You regenerate magic rapidly. [demonic
                  | ancestry]
   414 | D:1      | Reached XP level 2. HP: 21/22 MP: 2/2
   449 | D:1      | Found Saufiugh's Armour Emporium.
   588 | D:2      | Noticed Jessica
   653 | D:2      | Reached skill level 3 in Long Blades
   710 | D:2      | HP: 1/22 [Jessica/nerve-wracking pain (14)]
   711 | D:2      | Slain by Jessica

Illustrated notes

Levels and vault maps discovered:
D:1:      erik_arrival_blinker_ship, layout_loops_ring, serial_shops, shop,
          shop, shop, nicolae_shop_rolling_square
D:2:      layout_rooms, ebering_ecumenical_altar_hall, basic_altar,
          uniq_natasha, uniq_jessica

Skill      XL: |  1  2 |
---------------+-------+-----
Throwing       | 2 |  2.0
Long Blades    | 3 |  3.1
Fighting       | |  2.3
Dodging        | |  2.9

Action                     || total
---------------------------++-------
  Melee: Long sword        ||    44
  Throw: Javelin           ||     1
   Stab: Sleeping          ||     1
 Armour: Leather armour    ||    11
  Dodge: Dodged            ||    38

Table legend: (Time is in decaauts)
 A = Elapsed time spent in this place.
 B = Non-inter-level travel time spent in this place.
 C = Inter-level travel time spent in this place.
 D = Time resting spent in this place.
 E = Time spent auto-exploring this place.
 F = Levels seen in this place.
 G = Mean time per level.
                   A        B        C        D        E       F      G
               +--------+--------+--------+--------+--------+-----+--------+
         Total |    723 |    643 |     80 |     33 |    482 |   2 |  361.5 |
       Dungeon |    723 |    643 |     80 |     33 |    482 |   2 |  361.5 |
               +--------+--------+--------+--------+--------+-----+--------+

Top non-repeatable levels by time:
     D:1: 685 daAuts
     D:2: 37 daAuts
